 Dungeon Crawl Stone Soup version 0.28.0-53-g5a82cb258f (webtiles) character file.

Game seed: 1233513684471166200

42 DildoBatman the Conjurer (level 3, -1/24 HPs)
             Began as a Formicid Conjurer on May 28, 2022.
             Slain by an adder (4 damage)
             ... on level 2 of the Dungeon.
             The game lasted 00:03:04 (1221 turns).

DildoBatman the Conjurer (Formicid Conjurer)        Turns: 1221, Time: 00:03:05

Health: -1/24      AC:  2    Str: 17    XL:     3   Next: 80%
Magic:  0/6        EV: 12    Int: 17    God:
Gold:   37         SH:  0    Dex: 15    Spells: 3/6 levels left

rFire   . . .      SeeInvis +   d - +0 dagger
rCold   . . .      Faith    .   (no shield)
rNeg    . . .      Spirit   .   a - +0 robe
rPois   .          Reflect  .   (helmet unavailable)
rElec   .          Harm     .   (no cloak)
rCorr   +          Rampage  .   (no gloves)
Will    .....                   (no boots)
Stlth   ++........              (no amulet)
HPRegen 0.08/turn               p - ring of Incredulity {Contam rCorr Str+6 Dex+4}
MPRegen 0.10/turn               (no ring)

@: no status effects
A: permanent stasis, dig shafts and tunnels, antennae 3, four strong arms
a: Dig, Shaft Self


You were on level 2 of the Dungeon.
You visited 1 branch of the dungeon, and saw 2 of its levels.

You collected 37 gold pieces.

Inventory:

Hand Weapons
 d - a +0 dagger (weapon)
Missiles
 c - 64 stones
 g - 15 arrows
 k - 19 sling bullets
Armour
 a - a +0 robe (worn)
Jewellery
 p - the ring of Incredulity (left hand) {Contam rCorr Str+6 Dex+4}
   (You found it on level 2 of the Dungeon)

   [ring of strength]

   Str:       It affects your strength (+6).
   Dex:       It affects your dexterity (+4).
   Contam:    It causes magical contamination when unequipped.
   rCorr:     It protects you from acid and corrosion.
Scrolls
 h - a scroll of identify {unknown}
 l - a scroll of teleportation {unknown}
 m - a scroll of immolation {unknown}
 o - a scroll of vulnerability {unknown}
Potions
 b - a potion of haste {unknown}
 e - a potion of mutation {unknown}
 f - a potion of cancellation {unknown}
 i - a potion of resistance {unknown}
 j - a potion of curing {unknown}
 n - a potion of degeneration {unknown}


   Skills:
 - Level 1.7 Dodging
 - Level 2.4 Stealth
 - Level 2.1 Spellcasting
 * Level 4.7 Conjurations


You had 3 spell levels left.
You knew the following spells:

 Your Spells              Type           Power      Damage    Failure   Level
a - Searing Ray           Conj           36%        2d5       4%          2
c - Magic Dart            Conj           72%        1d6       2%          1

Your spell library contained the following spells:

 Spells                   Type           Power      Damage    Failure   Level
 Dazzling Flash           Conj/Hex       18%        N/A       22%         3
 Fulminant Prism          Conj/Hex       4%         3d6       56%         4
 Iskenderun's Mystic Bla  Conj/Tloc      9%         2d4       56%         4


Dungeon Overview and Level Annotations

Branches:
Dungeon (2/15)

Altars:


Innate Abilities, Weirdness & Mutations

You cannot be hasted, slowed, berserked, paralysed or teleported.
You can dig through walls and to a lower floor.
You have a pair of large antennae on your head. (SInv)
Your four strong arms can wield two-handed weapons with a shield.


Message History

Confirm with . or Enter, or press ? or * to list all spells.
Aiming: Searing Ray (safe; 4% risk of failure)
Press: ? - help, Shift-Dir - straight line, f - adder
Aim: an adder (63% to hit)
The searing ray misses the adder. (Press . to maintain the ray.)
Casting: Searing Ray (safe; 4% risk of failure)
Confirm with . or Enter, or press ? or * to list all spells.
Aiming: Searing Ray (safe; 4% risk of failure)
Press: ? - help, Shift-Dir - straight line, f/p - adder
Aim: an adder (63% to hit)
The searing ray misses the adder. (Press . to maintain the ray.)
The searing ray misses the adder.
The adder bites you.
You are poisoned.
The adder poisons you!
The searing ray hits the adder.
The adder is moderately wounded.
You feel sick. The adder bites you. x2
You are more poisoned.
The adder poisons you!
You feel sick.
You feel sick.
You feel sick.
You feel sick. The adder bites you.
You feel sick.
Casting: Searing Ray (safe; 4% risk of failure)
Confirm with . or Enter, or press ? or * to list all spells.
Aiming: Magic Dart (safe; 2% risk of failure)
Press: ? - help, Shift-Dir - straight line, f/p - adder
Aim: an adder (lightly wounded, 100% to hit)
The magic dart hits the adder.
The adder is moderately wounded.
You feel sick.
You are no longer poisoned.
The adder bites you.
You die...

#.# #.# ##.###
#....# #....#
####..#.##
#........##
###.##..#...####
..........S@....+
####.##..#..#.###
#. #....###.# #.
#####.#.## #.
#..## #.######..#
.........#
########.# #.#
#####.#### ##.##


You could see an adder.

Vanquished Creatures
  A dart slug (D:2)
  5 bats
  5 endoplasms
  5 hobgoblins
  3 quokkas
  2 ball pythons (D:1)
  5 frilled lizards (D:1)
  3 goblins (D:1)
  4 kobolds
  4 rats (D:1)
37 creatures vanquished.

Notes
Turn   | Place    | Note
-------+----------+-------------------------------------------
     0 | D:1      | DildoBatman the Formicid Conjurer began the quest for the
                  | Orb.
     0 | D:1      | Reached XP level 1. HP: 13/13 MP: 3/3
   249 | D:1      | Reached XP level 2. HP: 8/19 MP: 0/5
   252 | D:1      | Learned a level 2 spell: Searing Ray
   253 | D:1      | Reached skill level 4 in Conjurations
   333 | D:1      | Found a faded altar of an unknown god.
   530 | D:1      | Reached XP level 3. HP: 24/24 MP: 2/6
  1179 | D:2      | Identified the ring of Incredulity {Contam rCorr Str+6
                  | Dex+4}
  1221 | D:2      | Slain by an adder

Illustrated notes

Levels and vault maps discovered:
D:1:      dpeg_arrival_pond, layout_basic, basic_ecumenical_altar
D:2:      layout_loops_corners, supply_closet_lemuel, uniq_terence

Skill      XL: |  1  2 |
---------------+-------+-----
Conjurations   | 4 |  4.7
Dodging        | |  1.7
Stealth        | |  2.4
Spellcasting   | |  2.1

Action                   || total
-------------------------++-------
Melee: Dagger            ||    16
       Unarmed           ||     5
 Cast: Magic Dart        ||    52
       Searing Ray       ||     8
Armor: Robe              ||     8
Dodge: Dodged            ||    27
